 Dungeon Crawl Stone Soup version 0.29.1-12-g30fa7ad0bf (webtiles) character file.

Game seed: 2377316590836413611

44 BigDaddyOpFi the Trooper (level 3, 0/40 HPs)
             Began as an Ogre Fighter on Jan 12, 2023.
             Slain by an adder (3 damage)
             ... on level 2 of the Dungeon.
             The game lasted 00:03:40 (1844 turns).

BigDaddyOpFi the Trooper (Ogre Fighter)             Turns: 1844, Time: 00:03:40

Health: 0/40       AC:  3    Str: 22    XL:     3   Next: 60%
Magic:  3/3        EV:  8    Int:  9    God:
Gold:   76         SH:  7    Dex:  8    Spells: 2/2 levels left

rFire   . . .      SeeInvis .   a - +0 war axe
rCold   . . .      Faith    .   c - +0 kite shield
rNeg    . . .      Spirit   .   b - +0 robe
rPois   .          Reflect  .   (helmet restricted)
rElec   .          Harm     .   (no cloak)
rCorr   .          Rampage  .   (gloves unavailable)
Will    .....                   (boots unavailable)
Stlth   +.........              (no amulet)
HPRegen 0.13/turn               (no ring)
MPRegen 0.08/turn               (no ring)

@: mighty, flying, invisible
A: large, unfitting armour, tough skin 1
a: no special abilities


You were on level 2 of the Dungeon.
You visited 1 branch of the dungeon, and saw 2 of its levels.

You collected 76 gold pieces.

Inventory:

Hand Weapons
 a - a +0 war axe (weapon)
Armour
 b - a +0 robe (worn)
 c - a +0 kite shield (worn)
Jewellery
 d - a ring of see invisible
Scrolls
 l - a scroll of immolation
 n - a scroll of teleportation {unknown}
Potions
 e - a potion of flight
 i - a potion of attraction {unknown}
 j - a potion of resistance {unknown}
 m - a potion of mutation {unknown}


   Skills:
 + Level 4.5 Fighting
 + Level 2.5 Axes
 + Level 3.1 Dodging
 + Level 3.4 Shields


You had 2 spell levels left.
You didn't know any spells.
Your spell library contained the following spells:

 Spells                   Type           Power      Damage    Failure   Level
 Freeze                   Ice            0%         1d3       67%         1
 Frozen Ramparts          Ice            0%         1d1       96%         3
 Hailstorm                Conj/Ice       0%         3d3       100%        4


Dungeon Overview and Level Annotations

Branches:
Dungeon (2/15)

Altars:


Innate Abilities, Weirdness & Mutations

You are too large for most types of armour.
You have tough skin. (AC +1)


Message History

The adder closely misses you. The kobold hits you but does no damage.
You closely miss the adder. You slash the kobold!
You kill the kobold!
The adder bites you but does no damage. The adder bites you.
* * * LOW HITPOINT WARNING * * *
You are poisoned.
The adder poisons you!
Unknown command.
Okay, then.
As you read the scroll labelled WYENYEBLUWK, it crumbles to dust.
The creatures around you are filled with an inner flame!
It was a scroll of immolation.
You feel sick. You block the adder's attack.
As you read the scroll labelled OMIESAFUOH, it crumbles to dust.
It is a scroll of identify.
k - a scroll of fear You feel sick.
You block the adder's attack.
As you read the scroll of fear, it crumbles to dust.
You assume a fearsome visage.
The adder looks frightened! x2; You feel sick.
You feel sick.
You feel sick.
You feel sick.
You feel sick.
You are no longer poisoned.
An adder comes into view.
The adder hisses angrily.
The adder barely misses you. The adder bites you.
* * * LOW HITPOINT WARNING * * *
You see here a ring of see invisible.
d - a ring of see invisible The adder bites you but does no damage.
The adder bites you.
* * * LOW HITPOINT WARNING * * *
The adder bites you but does no damage.
Okay, then.
It was a potion of invisibility.
You fade into invisibility!
The adder bites you but does no damage. The adder bites you.
You die...

#.#.##.#####......#
#...#).#.#.#......#
###.##.......########
#.#.....##.)......#
##.##.....#........#
###........##.....)..#
#....#.#.#..#.........
#.(.S#####.##.#######.
#....@.....)..# ####.
#######+#..†..####....
#.#.............
#.#.............
####.#.............
#..........###'####
#..........##..#
#....#.######.##
#....#.######.#####


You could see an adder (unable to see you).

Vanquished Creatures
  An adder (D:2)
  A dart slug (D:2)
  4 endoplasms
  2 giant cockroaches
  5 goblins
  2 hobgoblins
  5 kobolds
  A quokka (D:1)
  4 bats (D:1)
  5 rats
30 creatures vanquished.

Notes
Turn   | Place    | Note
-------+----------+-------------------------------------------
     0 | D:1      | BigDaddyOpFi the Ogre Fighter began the quest for the Orb.
     0 | D:1      | Reached XP level 1. HP: 24/24 MP: 1/1
   263 | D:1      | Reached XP level 2. HP: 31/32 MP: 2/2
  1649 | D:2      | Reached XP level 3. HP: 36/40 MP: 3/3
  1840 | D:2      | HP: 2/40 [adder (1)]
  1844 | D:2      | Slain by an adder

Illustrated notes

Levels and vault maps discovered:
D:1:      tarquinn_simple_flora_water_b, layout_basic
D:2:      layout_basic, hellmonk_ecumenical_altar_dog_temple, minmay_octomino_e4

Skill      XL: |  1  2 |
---------------+-------+-----
Dodging        | 3 |  3.1
Fighting       | |  4.5
Axes           | |  2.5
Shields        | |  3.4

Action                   || total
-------------------------++-------
Melee: War axe           ||    83
  Use: Scroll            ||     4
       Potion            ||     5
Armor: Robe              ||    38
Dodge: Dodged            ||    35
Block: Kite shield       ||    36
